 Dungeon Crawl Stone Soup version 0.20-a0-1078-g4874019 (webtiles) character file.

1085 4thArraOfDagon the Vexing (level 8, -5/58 HPs)
             Began as a Mummy Enchanter on Apr 30, 2017.
             Was a Believer of Okawaru.
             Killed from afar by a steam dragon (34 damage)
             ... with a ball of steam
             ... on level 6 of the Dungeon.
             The game lasted 00:18:14 (5300 turns).

4thArraOfDagon the Vexing (Mummy Enchanter)         Turns: 5300, Time: 00:18:16

Health: -5/58      AC:  8    Str: 11    XL:     8   Next: 9%
Magic:  13/13      EV: 11    Int: 16    God:    Okawaru [**....]
Gold:   297        SH:  0    Dex: 13    Spells: 8/14 levels left

rFire    x . .     SeeInvis .   s - +1 short sword (venom)
rCold    + . .     Gourm    .   (no shield)
rNeg     + + +     Faith    .   d - +0 ring mail
rPois    ∞         Spirit   .   m - +0 helmet
rElec    .         Reflect  .   f - +1 cloak
rCorr    .         Harm     .   (no gloves)
MR       +....                  (no boots)
Stlth    +.........             (no amulet)
Regen    0.2/turn               (no ring)
MPRegen  0.2/turn               (no ring)

@: no status effects
A: no food or potions, fire vulnerability, cold resistance 1, negative energy
resistance 3, torment resistance, unbreathing
a: Heroism, Renounce Religion


You were on level 6 of the Dungeon.
You worshipped Okawaru.
Okawaru was pleased with you.
You were not hungry.

You visited 1 branch of the dungeon, and saw 6 of its levels.
You also visited: Sewer.

You collected 297 gold pieces.

Inventory:

Hand Weapons
 a - a +1 dagger
 i - a +0 falchion
 s - a +1 short sword of venom (weapon)
 u - a +2 hand axe of flaming
Missiles
 j - a poisoned tomahawk (quivered)
 k - 7 curare-tipped needles
Armour
 b - a +0 robe
 d - a +0 ring mail (worn)
 f - a +1 cloak (worn)
 m - a +0 helmet (worn)
 t - a +2 chain mail of fire resistance
Jewellery
 e - an uncursed ring of teleportation
 p - an uncursed amulet of regeneration {unknown}
Wands
 n - a wand of digging (0/24)
 o - a wand of iceblast (4/15)
Scrolls
 g - 3 scrolls of fog
 h - 3 scrolls of teleportation
 l - a scroll of amnesia {unknown}
 q - a scroll of magic mapping
 r - 2 scrolls of fear
Books
 c - a book of Maledictions

   Spells                             Type                      Level
   a - Corona                         Hexes                        1
   b - Ensorcelled Hibernation        Hexes/Ice                    2
   c - Confuse                        Hexes                        3
   d - Tukima's Dance                 Hexes                        3
   e - Dazzling Spray                 Conjuration/Hexes            3


   Skills:
 + Level 3.1 Fighting
 - Level 2.0(3.2) Short Blades
 * Level 3.7(4.0) Long Blades
 + Level 2.5 Armour
 + Level 3.0 Dodging
 - Level 2.4 Stealth
 - Level 3.7 Spellcasting
 - Level 4.0 Hexes
 + Level 2.7 Invocations


You had 8 spell levels left.
You knew the following spells:

 Your Spells              Type           Power        Failure   Level  Hunger
a - Corona                Hex            ###....      8%          1    N/A
b - Ensorcelled Hibernat  Hex/Ice        #.....       26%         2    N/A
c - Confuse               Hex            ###.....     24%         3    N/A

Dungeon Overview and Level Annotations

Branches:
Dungeon (6/15)
 Temple: D:4-7

Altars:
Nemelex Xobeh
Okawaru

Shops:
D:6 }[

Annotations:
D:2 1 runed door
D:3 Ijyb
D:4 graki42's ghost, amateur MiFi


Innate Abilities, Weirdness & Mutations

You do not eat or drink.
Your flesh is vulnerable to fire.
You are immune to poison.
Your flesh is cold resistant. (rC+)
You are immune to negative energy. (rN+++)
You are immune to unholy pain and torment.
You can survive without breathing.


Message History

Throwing (i - inventory):
j - 2 poisoned tomahawks (quivered)
Press: ? - help, Shift-Dir - straight line, f/p - steam dragon
Aim: a steam dragon (almost dead, poisoned)
You throw a poisoned tomahawk.
The poisoned tomahawk hits the steam dragon but does no damage.
The steam dragon looks as sick as possible!
The steam dragon is almost dead.
Unknown command.
Unknown command.
You hit the steam dragon.
The steam dragon looks as sick as possible!
The steam dragon is almost dead.
The steam dragon bites you. The steam dragon claws you.
Unknown command.
You hit the steam dragon but do no damage.
The steam dragon is almost dead.
The steam dragon breathes steam at you. The ball of steam hits you!
The steam scalds you terribly!
Ouch! That really hurt!
You die...

###### .§# .... #....##.## #...
##..D#§..# # #. ###.#.§.§# ##
.#.#. ##.§.####.........##
#§§### ##.#####... #§## ...#
#.#. ##### #(#######.#### ##.#.
##...###.D@#......... ....
##.....####..>#(.)# #.##
####.......###....∩.# #####.##
#...............##### #.....).
#...................%....###.##
#...........########## #)#
#..............#############[#
####.......###...............#
#.......# ##############..#


You could see a steam dragon.

Vanquished Creatures
  Purgy (Sewer)
  An orc warrior (D:6)
  An ogre (D:3)
  A bullfrog (D:5)
  A howler monkey (D:4)
  A crimson imp (D:5)
  A bullfrog zombie (D:5)
  2 orc priests
  3 orc wizards
  A bullfrog skeleton (D:5)
  Jessica (D:3)
  2 iguanas
  Natasha (thrice) (D:3)
  3 worker ants
  2 hound skeletons
  Robin (D:2)
  4 adders
  3 gnolls (D:4)
  A river rat (D:5)
  2 shadow imps
  A dart slug (D:2)
  3 leopard geckos
  21 orcs
  2 giant cockroaches (D:1)
  15 goblins
  8 hobgoblins
  14 jackals
  2 quokkas
  2 ball pythons
  6 bats
  12 frilled lizards
  7 kobolds
  A leopard gecko skeleton (D:4)
  A quokka zombie (D:5)
  11 rats
141 creatures vanquished.

Notes
Turn   | Place    | Note
-------+----------+-------------------------------------------
     0 | D:1      | 4thArraOfDagon the Mummy Enchanter began the quest for the Orb.
     0 | D:1      | Reached XP level 1. HP: 13/13 MP: 4/4
    40 | D:1      | Reached skill level 1 in Short Blades
   174 | D:1      | 4thArraOfDagon: already a bad start
   174 | D:1      | 4thArraOfDagon: tele ring!
   236 | D:1      | Reached XP level 2. HP: 19/19 MP: 3/5
   282 | D:1      | Learned a level 2 spell: Ensorcelled Hibernation
   378 | D:1      | Found an iron altar of Okawaru.
   385 | D:1      | 4thArraOfDagon: or just hmm
   386 | D:1      | Became a worshipper of Warmaster Okawaru
   574 | D:2      | Found a faded altar of an unknown god.
   607 | D:2      | magipi: what wasd that oltar?
   668 | D:2      | magipi: altar
   880 | D:2      | 4thArraOfDagon: random god
   880 | D:2      | magipi: oh, thx
   890 | D:2      | Reached XP level 3. HP: 21/24 MP: 7/7
  1127 | D:2      | Found a runed door.
  1368 | D:3      | Noticed Robin
  1841 | D:3      | Reached skill level 1 in Armour
  1867 | D:2      | Killed Robin
  1867 | D:2      | Reached skill level 1 in Long Blades
  1957 | D:2      | Reached XP level 4. HP: 28/31 MP: 8/8
  1974 | D:3      | Noticed Natasha
  1984 | D:3      | Killed Natasha
  1984 | D:3      | Reached skill level 1 in Fighting
  1987 | D:3      | Noticed Natasha
  1992 | D:3      | Killed Natasha
  1992 | D:3      | Reached skill level 1 in Invocations
  2054 | D:3      | Learned a level 3 spell: Confuse
  2083 | D:3      | Noticed Natasha
  2086 | D:3      | magipi: trainiing 7 skills? :D
  2092 | D:3      | Killed Natasha
  2092 | D:3      | Reached XP level 5. HP: 33/37 MP: 9/9
  2189 | D:3      | magipi: that whip might be good
  2235 | D:3      | magipi: what brand?
  2254 | D:3      | 4thArraOfDagon: I know its far from optimal but I like it :)
  2325 | D:3      | Noticed an ogre
  2386 | D:3      | Killed an ogre
  2386 | D:3      | Reached * piety under Okawaru
  2386 | D:3      | Reached skill level 3 in Hexes
  2386 | D:3      | Reached XP level 6. HP: 25/44 MP: 10/10
  2688 | D:3      | Noticed Ijyb
  2870 | D:3      | Noticed Jessica
  2874 | D:3      | Killed Jessica
  3230 | D:4      | Noticed graki42's ghost (amateur MiFi)
  3437 | D:5      | Entered Level 5 of the Dungeon
  3533 | D:5      | Found a glowing drain.
  3537 | Sewer    | Entered a sewer
  3636 | Sewer    | Noticed Purgy
  3639 | Sewer    | Killed Purgy
  3639 | Sewer    | Reached XP level 7. HP: 50/50 MP: 12/12
  3668 | Sewer    | magipi: no hide
  3709 | D:5      | 4thArraOfDagon: too bad
  3949 | D:5      | magipi: heay, war axe
  4620 | D:5      | Reached skill level 4 in Hexes
  4746 | D:6      | Reached ** piety under Okawaru
  4917 | D:6      | Found Ijeafuoh's Antique Armour Boutique.
  5020 | D:6      | Reached XP level 8. HP: 36/58 MP: 11/13
  5042 | D:6      | Found a sparkling altar of Nemelex Xobeh.
  5246 | D:6      | Found Bahon's Gadget Emporium.
  5275 | D:6      | Found Ahoulatz's Food Emporium.
  5300 | D:6      | Killed from afar by a steam dragon

Vault maps used:
D:1:      matt_arrival_diagonals, okawaru_ov_weapons_minmay
D:2:      first_bread, chequers_ecumenical_altar_simple_redux,
          dk_noncrumbling_3, uniq_crazy_yiuf_cottage
D:3:      kennysheep_generic_room_11, uniq_natasha, uniq_ijyb, uniq_robin,
          uniq_jessica
D:4:      lightli_corner_chamber
D:5:      gup_sewer_entry_bowl
D:6:      cheibrodos_steamvent, elyvilon_altar_4, minmay_temple_entry_trees,
          serial_shops, kennysheep_mini_moat, shop, shop,
          nemelex_spade_bored_becter
Sewer:    sewer_co_purgy_island

Skill      XL: |  1  2  3  4  5  6  7  8 |
---------------+-------------------------+-----
Short Blades   | 1 2 |  2.0
Armour         | 1 2 |  2.5
Long Blades    | 1 2 3 |  3.7
Fighting       | 1 2 3 |  3.1
Invocations    | 1 2 |  2.7
Spellcasting   | 3 |  3.7
Dodging        | 2 3 |  3.0
Hexes          | 3 4 |  4.0
Stealth        | |  2.4

Action                   |  1- 3 |  4- 6 |  7- 9 || total
-------------------------+-------+-------+-------++-------
Melee: Dagger            |    44 |       |       ||    44
       Falchion          |   140 |   188 |   190 ||   518
       Punch             |       |     1 |       ||     1
       Short sword       |       |       |    62 ||    62
Throw: Tomahawk          |     4 |    24 |    10 ||    38
 Cast: Corona            |     7 |       |       ||     7
Invok: Heroism           |       |     1 |     1 ||     2
Evoke: Wand              |       |     3 |     2 ||     5
  Use: Scroll            |     4 |     5 |       ||     9
 Stab: Sleeping          |     1 |     1 |       ||     2
Armor: Ring mail         |   102 |    64 |   109 ||   275
Dodge: Dodged            |   120 |   133 |   165 ||   418
       Rpst.: Falchion   |    29 |    45 |    43 ||   117
